 Dungeon Crawl Stone Soup version 0.29-a0-284-gf9362112df (webtiles) character file.

Game seed: 16964543731742995954

45 being54 the Shield-Bearer (level 3, -5/23 HPs)
             Began as a Gargoyle Fighter on Mar 21, 2022.
             Splashed by a jelly's acid (8 damage)
             ... on level 2 of the Dungeon.
             The game lasted 00:01:46 (1552 turns).

being54 the Shield-Bearer (Gargoyle Fighter)        Turns: 1552, Time: 00:01:47

Health: -5/23      AC:  2    Str: 21    XL:     3   Next: 64%
Magic:  3/3        EV:  9    Int:  8    God:
Gold:   64         SH:  5    Dex:  9    Spells: 2/2 levels left

rFire   . . .      SeeInvis .   a - +1 flail
rCold   . . .      Faith    +   c - +1 buckler
rNeg    + . .      Spirit   .   b - +0 scale mail
rPois   ∞          Reflect  .   (no helmet)
rElec   +          Harm     .   (no cloak)
rCorr   .          Rampage  .   (no gloves)
Will    .....                   (no boots)
Stlth   ..........              h - amulet of faith
HPRegen 0.07/turn               (no ring)
MPRegen 0.08/turn               (no ring)

@: corroded
A: sickness immunity, AC +3, negative energy resistance 1, electricity
resistance, torment resistance 1, petrification resistance
a: no special abilities


You were on level 2 of the Dungeon.
You visited 1 branch of the dungeon, and saw 2 of its levels.

You collected 64 gold pieces.

Inventory:

Hand Weapons
 a - a +1 flail (weapon)
Armour
 b - a +0 scale mail (worn)
 c - a +1 buckler (worn)
Jewellery
 h - an amulet of faith (around neck)
Potions
 d - a potion of might
 e - a potion of attraction {unknown}
 f - a potion of cancellation {unknown}
 g - a potion of lignification {unknown}
 i - a potion of haste {unknown}
 j - 2 potions of invisibility {unknown}


   Skills:
 - Level 3.6 Fighting
 * Level 3.0 Maces & Flails
 - Level 3.6 Armour
 - Level 3.6 Shields


You had 2 spell levels left.
You didn't know any spells.
Your spell library was empty.

Dungeon Overview and Level Annotations

Branches:
Dungeon (2/15)

Altars:

Annotations:
D:2 Sigmund


Innate Abilities, Weirdness & Mutations

You are immune to sickness and miasma.
Your stone body is resilient. (AC +3)
You are immune to poison.
You resist negative energy. (rN+)
You are resistant to electric shocks. (rElec)
You are resistant to unholy torment.
You are immune to petrification.


Message History

Found an escape hatch in the floor.
A jelly comes into view.
Found a scroll of enchant armour.
The jelly quivers.
A goblin comes into view. It is wielding a +0 club.
The goblin shouts!
The jelly hits you but does no damage.
You hit the jelly.
Your hands burn!
The jelly is lightly wounded.
A ball python comes into view.
You block the jelly's attack.
You sock the jelly!
Your hands burn!
The jelly is lightly wounded.
You block the jelly's attack.
You sock the jelly!
Your hands burn!
The jelly is moderately wounded.
The jelly hits you but does no damage.
You completely miss the jelly.
The jelly is moderately wounded.
Sigmund the Dreaded comes into view.
He is wielding a +0 scythe.
The jelly barely misses you. x2
Sigmund shouts!
You sock the goblin!
You kill the goblin!
You hit the jelly.
Your hands burn!
The jelly is moderately wounded.
The jelly hits you but does no damage.
You sock the jelly! The acid corrodes you!
Your hands burn!
The jelly is heavily wounded.
You block the jelly's attack. The jelly hits you but does no damage.
You sock the jelly!
Your hands burn!
The jelly is severely wounded.
The jelly completely misses you.
You hit the jelly.
Your hands burn!
* * * LOW HITPOINT WARNING * * *
The jelly is severely wounded.
Sigmund barely misses you. The jelly hits you.
* * * LOW HITPOINT WARNING * * *
The acid corrodes you!
You are splashed with acid!
You die...

....... .# .......
## .# .......
....# .......#?
..# ............#
........#...#..
.......@S.......
.. #J# ...#####@#
.........#
.........#
.........#
...#####.########.
..#####......>...
.........########
#.######.# #.#


You could see Sigmund, a jelly and a ball python.

Vanquished Creatures
  2 gnolls (D:1)
  A worm (D:2)
  2 ball pythons (D:1)
  2 bats
  3 endoplasms (D:1)
  5 goblins
  2 hobgoblins
  A kobold (D:1)
  A quokka (D:1)
  3 frilled lizards (D:1)
  A rat (D:1)
23 creatures vanquished.

Notes
Turn   | Place    | Note
-------+----------+-------------------------------------------
     0 | D:1      | being54 the Gargoyle Fighter began the quest for the Orb.
     0 | D:1      | Reached XP level 1. HP: 14/14 MP: 1/1
   426 | D:1      | Reached XP level 2. HP: 16/19 MP: 2/2
   757 | D:1      | Reached XP level 3. HP: 23/23 MP: 3/3
  1546 | D:2      | Noticed Sigmund
  1552 | D:2      | Splashed by a jelly's acid

Illustrated notes

Levels and vault maps discovered:
D:1:      moated_graveyard_arrival, layout_basic
D:2:      cheibrodos_greedy_goblins, layout_basic,
          dreamdust_ecumenical_altar_drowned_temple, uniq_sigmund

Skill      XL: |  1  2  3 |
---------------+----------+-----
Maces & Flails | 3 |  3.0
Fighting       | |  3.6
Armour         | |  3.6
Shields        | |  3.6

Action                   || total
-------------------------++-------
Melee: Flail             ||    91
  Use: Scroll            ||     3
Armor: Scale mail        ||    42
Dodge: Dodged            ||    33
Block: Buckler           ||    26

Table legend: (Time is in decaauts)
 A = Elapsed time spent in this place.
 B = Non-inter-level travel time spent in this place.
 C = Inter-level travel time spent in this place.
 D = Time resting spent in this place.
 E = Time spent auto-exploring this place.
 F = Levels seen in this place.
 G = Mean time per level.
                   A        B        C        D        E       F      G
               +--------+--------+--------+--------+--------+-----+--------+
         Total |   1579 |   1565 |     14 |    318 |   1036 |   2 |  789.5 |
       Dungeon |   1579 |   1565 |     14 |    318 |   1036 |   2 |  789.5 |
               +--------+--------+--------+--------+--------+-----+--------+

Top non-repeatable levels by time:
     D:1: 1337 daAuts
     D:2: 242 daAuts
